 Dungeon Crawl Stone Soup version 0.30.1-9-gdf580d7c3d (webtiles) character file.

Game seed: 2233069056744927980

11995 Ivernyr the Stickfighter (level 12, -1/97 HPs)
             Began as a Formicid Fighter on Oct 14, 2023.
             Was a Believer of Wu Jian.
             Slain by a death yak (18 damage)
             ... on level 8 of the Dungeon on Oct 15, 2023.
             The game lasted 00:25:52 (8223 turns).

Ivernyr the Stickfighter (Formicid Fighter)         Turns: 8223, Time: 00:25:53

Health: -1/97      AC: 18    Str: 27    XL:     12   Next: 14%
Magic:  12/12      EV: 15    Int:  7    God:    Wu Jian [**....]
Gold:   424        SH: 12    Dex: 16    Spells: 11/11 levels left

rFire   . . .        a - +4 quarterstaff (chaos)
rCold   . . .        c - +0 buckler
rNeg    . . .        b - +0 swamp dragon scales
rPois   +            (helmet unavailable)
rElec   .            B - +2 cloak
rCorr   +            g - +0 pair of gloves
SInv    +            w - +2 pair of boots of Ylyitop {Dex+3 Slay+3}
Will    +....        k - amulet of reflection
Stlth   +            u - +5 ring of evasion
HPRegen 0.36/turn    A - ring of resist corrosion
MPRegen 0.13/turn

%: reflection
@: no status effects
A: permanent stasis, dig shafts and tunnels, antennae 3, four strong arms
a: Dig, Shaft Self, Renounce Religion, Wall Jump


You were on level 8 of the Dungeon.
You worshipped Wu Jian.
Wu Jian was pleased with you.
You visited 2 branches of the dungeon, and saw 12 of its levels.
You also visited: Sewer.

You collected 424 gold pieces.

Inventory:

Hand Weapons
 a - a +4 quarterstaff of chaos (weapon)
Missiles
 C - a throwing net
Armour
 b - +0 swamp dragon scales (worn)
 c - a +0 buckler (worn)
 g - a +0 pair of gloves (worn)
 w - the +2 pair of boots of Ylyitop (worn) {Dex+3 Slay+3}
   (You acquired it on level 11 of the Dungeon)

   Dex:       It affects your dexterity (+3).
   Slay:      It affects your accuracy & damage with ranged weapons and melee
   (+3).
 B - a +2 cloak (worn)
Jewellery
 k - an amulet of reflection (around neck)
 u - a +5 ring of evasion (left hand)
 y - a ring of flight
 A - a ring of resist corrosion (right hand)
Wands
 x - a wand of polymorph (4)
 F - a wand of flame (16)
Scrolls
 f - a scroll of enchant weapon
 o - 3 scrolls of enchant armour
 r - 3 scrolls of teleportation {unknown}
 z - 3 scrolls of magic mapping {unknown}
 D - 4 scrolls of vulnerability {unknown}
 E - a scroll of identify
 G - a scroll of noise {unknown}
 I - a scroll of poison {unknown}
 J - a scroll of fear
Potions
 d - 2 potions of might
 e - 7 potions of heal wounds {unknown}
 h - 2 potions of degeneration {unknown}
 i - a potion of invisibility {unknown}
 j - 3 potions of lignification {unknown}
 l - 2 potions of magic {unknown}
 m - 2 potions of berserk rage {unknown}
 n - 2 potions of brilliance {unknown}
 p - 3 potions of attraction {unknown}
 q - 2 potions of haste {unknown}
 s - 3 potions of curing
 t - a potion of ambrosia {unknown}
 v - a potion of mutation {unknown}
 H - 3 potions of resistance


   Skills:
 + Level 9.8 Fighting
 * Level 15.0 Staves
 + Level 9.7 Armour
 + Level 11.5 Shields


You had 11 spell levels left.
You didn't know any spells.
Your spell library contained the following spells:

 Spells                   Type           Power      Damage    Failure   Level
 Apportation              Tloc           0%         N/A       56%         1
 Magic Dart               Conj           0%         1d3       56%         1
 Necrotise                Necr           0%         1d4       56%         1
 Summon Small Mammal      Summ           0%         N/A       56%         1
 Poisonous Vapours        Pois/Air       0%         N/A       71%         2
 Searing Ray              Conj           0%         2d4       71%         2
 Sublimation of Blood     Necr           0%         N/A       71%         2
 Mephitic Cloud           Conj/Pois/Air  0%         N/A       91%         3
 Fulminant Prism          Conj/Hex       0%         3d5       100%        4
 Leda's Liquefaction      Hex/Erth       0%         N/A       100%        4
 Petrify                  Tmut/Erth      0%         N/A       100%        4
 Freezing Cloud           Conj/Ice/Air   0%         6-21      100%        5
 Irradiate                Conj/Tmut      0%         3d11      100%        5
 Iskenderun's Battlesphe  Conj           0%         2d6       100%        5
 Lee's Rapid Deconstruct  Erth           0%         3d4*      100%        5
 Iron Shot                Conj/Erth      0%         9d1       100%        6
 Statue Form              Tmut/Erth      0%         N/A       100%        6
 Spellforged Servitor     Conj/Summ      0%         N/A       100%        7


Dungeon Overview and Level Annotations

Branches:
Dungeon (11/15)            Temple (1/1) D:6            Lair (0/5) D:8
    Orc (0/2) D:10          Sewer (visited)

Altars:
Ashenzari
Cheibriados
Dithmenos
Elyvilon
Fedhas
Gozag
Kikubaaqudgha
Makhleb
Nemelex Xobeh
Okawaru
Ru
Sif Muna
Trog
Uskayaw
Wu Jian
Yredelemnul
Zin
The Shining One

Shops:
D:5 ![=((

Annotations:
D:7 1 runed translucent door, tish's ghost, novice MiFi
Temple 2 transporters


Innate Abilities, Weirdness & Mutations

You cannot be hasted, slowed, berserked, paralysed or teleported.
You can dig through walls and to a lower floor.
You have a pair of large antennae on your head. (SInv)
Your four strong arms can wield two-handed weapons with a shield.


Message History

The death yak is moderately wounded.
The death yak gores you but does no damage.
You hit the death yak but do no damage. You drain the death yak.
The death yak is moderately wounded.
You thump the death yak!
The death yak is heavily wounded.
You block the death yak's attack.
You sock the death yak!
You feel better.
The death yak is severely wounded.
You sock the death yak!
Space warps horribly around the death yak!!
You kill the death yak!
The Council accepts your kill.
Your Staves skill increases to level 15!
You sock the death yak!
The death yak is lightly wounded.
You block the death yak's attack.
You barely miss the death yak.
The death yak is lightly wounded.
You barely miss the death yak.
The death yak is lightly wounded.
The death yak closely misses you.
You sock the death yak!
The death yak is moderately wounded.
You thump the death yak!
The death yak is heavily wounded.
You block the death yak's attack.
You hit the death yak but do no damage.
The death yak is heavily wounded.
The death yak gores you!!
You sock the death yak!
The death yak is heavily wounded.
You barely miss the death yak.
The death yak is heavily wounded.
The death yak gores you!
* * * LOW HITPOINT WARNING * * *
There is nothing to wall jump against here.
Are you sure you want to shaft yourself?
The death yak gores you!!
You die...

# #.# .....##.# ...#.# .. #.#
.....##.# ###.###.#.# #.####.#
.....##.# ...........
......Y##.....##.# ###.####.#.#
.....YYY.......... ........>#.#
.......##.....##.# ########.#.#
...Y.Y.# #######.# #......#.#
..##...# #.#.#####.###..#.#
....{..# #@#.......###..#.#
..>..Y.# ####Y#####..###...#.#
.......## #...Y................
.###(...#####.....####'#######+##
...........).....###.....## {
.......#...##....####.....## {
.................#.###.....## {
###...##...#####.#..###.....##
#.## #$..# #.'...###.....# {


You could see 2 death yaks.

Vanquished Creatures
  A hydra (D:11)
  7 death yaks (D:8)
  A cyclops (D:11)
  2 manticores (D:11)
  An ugly thing (D:11)
  A kobold demonologist (D:11)
  Maggie (D:7)
  Prince Ribbit (D:5)
  Sigmund (D:3)
  A wyvern (D:8)
  A shadow (D:9)
  A wraith (D:11)
  6 yaks (D:10)
  A water moccasin (D:5)
  A black bear (D:7)
  2 orc warriors
  2 ice beasts
  2 ogres
  A sky beast (D:6)
  3 centaurs
  A kobold brigand (D:8)
  5 scorpions
  4 bullfrogs
  A gnoll sergeant (D:9)
  15 killer bees
  5 howler monkeys
  8 orc priests
  3 hounds
  A sleepcap (D:5)
  Crazy Yiuf (D:4)
  6 iguanas
  10 orc wizards
  Robin (D:4)
  7 gnolls
  14 adders
  A river rat (Sewer)
  2 shadow imps (D:7)
  2 white imps (D:5)
  An ufetubus (D:6)
  2 worms (D:2)
  10 dart slugs
  34 orcs
  8 ball pythons
  4 endoplasms
  7 giant cockroaches
  12 goblins
  8 hobgoblins
  11 jackals
  19 kobolds
  3 quokkas
  4 bats
  9 frilled lizards
  17 rats
273 creatures vanquished.

Notes
Turn   | Place    | Note
-------+----------+-------------------------------------------
     0 | D:1      | Ivernyr the Formicid Fighter began the quest for the Orb.
     0 | D:1      | Reached XP level 1. HP: 18/18 MP: 1/1
   101 | D:1      | Reached XP level 2. HP: 22/24 MP: 2/2
   143 | D:1      | Found a faded altar of an unknown god.
   528 | D:1      | Reached XP level 3. HP: 27/29 MP: 3/3
   575 | D:1      | Reached skill level 3 in Staves
   849 | D:2      | Reached XP level 4. HP: 35/37 MP: 4/4
  1370 | D:3      | Noticed Sigmund
  1384 | D:3      | Killed Sigmund
  1385 | D:3      | Reached skill level 5 in Staves
  1385 | D:3      | Reached skill level 5 in Shields
  1385 | D:3      | Reached XP level 5. HP: 43/43 MP: 5/5
  1385 | D:3      | Reached XP level 6. HP: 49/49 MP: 6/6
  1801 | D:3      | You fall into a shaft and drop 1 floor!
  1933 | D:4      | Found a burning altar of Makhleb.
  2186 | D:3      | Found a white marble altar of Elyvilon.
  2300 | D:3      | Reached skill level 6 in Staves
  2370 | D:4      | Found a broken altar of Ashenzari.
  2470 | D:4      | Noticed Robin
  2502 | D:4      | Reached XP level 7. HP: 54/55 MP: 7/7
  2624 | D:4      | Killed Robin
  3025 | D:4      | Found a runed translucent door.
  3026 | D:4      | Noticed Crazy Yiuf
  3041 | D:4      | Killed Crazy Yiuf
  3111 | D:5      | Entered Level 5 of the Dungeon
  3179 | D:4      | Reached skill level 5 in Fighting
  3179 | D:4      | Reached skill level 7 in Staves
  3294 | D:5      | Reached skill level 5 in Armour
  3302 | D:5      | Found Tuviomy's Antique Armour Shoppe.
  3308 | D:5      | Reached XP level 8. HP: 62/62 MP: 8/8
  3319 | D:5      | Found a shadowy altar of Dithmenos.
  3370 | D:5      | Reached skill level 8 in Staves
  3373 | D:5      | Noticed Prince Ribbit
  3398 | D:5      | Killed Prince Ribbit
  3503 | D:5      | Found Zeisid's Jewellery Emporium.
  3594 | D:5      | Reached skill level 9 in Staves
  3686 | D:5      | Found a glowing drain.
  3689 | D:5      | Found Maeges's Weapon Emporium.
  3714 | Sewer    | Entered a sewer
  4175 | D:5      | Reached XP level 9. HP: 54/58 MP: 9/9
  4188 | D:5      | Found Fikhlak's Antique Weapon Emporium.
  4431 | D:5      | Found Gounahis's Distillery.
  4608 | D:6      | Reached skill level 10 in Staves
  4846 | D:6      | Found a staircase to the Ecumenical Temple.
  4866 | Temple   | Entered the Ecumenical Temple
  4866 | Temple   | Found a transporter.
  4866 | Temple   | Found a transporter.
  4868 | Temple   | Found a transporter.
  4868 | Temple   | Found a transporter.
  4882 | Temple   | Became a worshipper of the Wu Jian Council
  5158 | D:6      | Found a glowing silver altar of Zin.
  5259 | D:7      | Reached skill level 11 in Staves
  5310 | D:7      | Found a runed translucent door.
  5310 | D:7      | Noticed a cyan ugly thing
  5310 | D:7      | Noticed tish's ghost (novice MiFi)
  5439 | D:7      | Noticed Maggie
  5452 | D:7      | Killed Maggie
  5672 | D:7      | Noticed a boulder beetle
  5685 | D:7      | You fall into a shaft and drop 3 floors!
  5685 | D:10     | Entered Level 10 of the Dungeon
  5719 | D:10     | Reached XP level 10. HP: 39/79 MP: 10/10
  5726 | D:10     | You fall into a shaft and drop 1 floor!
  5892 | D:11     | Noticed a six-headed hydra
  5897 | D:11     | Killed a six-headed hydra
  5898 | D:11     | Reached skill level 12 in Staves
  6027 | D:11     | Identified a scroll of acquirement
  6027 | D:11     | Acquired the +2 pair of boots of Ylyitop {Dex+3 Slay+3}
  6064 | D:11     | Noticed a manticore
  6073 | D:11     | Killed a manticore
  6182 | D:11     | Noticed a manticore
  6189 | D:11     | Killed a manticore
  6190 | D:11     | Reached skill level 13 in Staves
  6261 | D:11     | Noticed a purple ugly thing
  6369 | D:10     | Found a staircase to the Orcish Mines.
  6401 | D:10     | Reached * piety under Wu Jian
  6588 | D:9      | Found a sparkling altar of Nemelex Xobeh.
  6711 | D:8      | Reached XP level 11. HP: 87/87 MP: 11/11
  6725 | D:8      | Noticed a death yak
  6725 | D:8      | Noticed a death yak
  6726 | D:8      | Noticed a death yak
  6730 | D:8      | Noticed a death yak
  6730 | D:8      | Noticed a death yak
  6731 | D:8      | Noticed a death yak
  6733 | D:8      | Noticed a death yak
  6734 | D:8      | Noticed a death yak
  6736 | D:8      | Noticed a death yak
  6737 | D:8      | Killed a death yak
  6738 | D:8      | Reached skill level 10 in Shields
  6745 | D:8      | Killed a death yak
  6746 | D:8      | Reached skill level 14 in Staves
  6754 | D:8      | HP: 3/87 [death yak (17)]
  6756 | D:8      | You fall into a shaft and drop 2 floors!
  7068 | D:10     | Identified the +3 scale mail "Fimaenn" {+Inv Str+2}
  7258 | D:10     | Reached ** piety under Wu Jian
  7554 | D:8      | Found a staircase to the Lair.
  7588 | D:8      | Killed a death yak
  7596 | D:8      | Killed a death yak
  7604 | D:8      | You fall into a shaft and drop 3 floors!
  8061 | D:11     | Killed a purple ugly thing
  8100 | D:11     | Noticed a cyclops
  8108 | D:11     | Killed a cyclops
  8207 | D:8      | Killed a death yak
  8208 | D:8      | Reached XP level 12. HP: 53/97 MP: 12/12
  8209 | D:8      | Killed a death yak
  8214 | D:8      | Killed a death yak
  8215 | D:8      | Reached skill level 15 in Staves
  8223 | D:8      | Slain by a death yak

Illustrated notes

Levels and vault maps discovered:
D:1:      wander_arrival_fairy_ring, layout_loops_ring,
          ebering_ecumenical_altar_webs, reono_crystal_passage
D:2:      layout_rooms, roderic_malta_cross
D:3:      layout_loops_corners, nicolae_elyvilon_temple_path,
          minmay_statues_item, uniq_sigmund
D:4:      layout_loops_ring, lemuel_crystal_altar,
          ashenzari_conservatory_becter, minmay_fractal_squares_gapless_5,
          uniq_crazy_yiuf_cottage, uniq_robin
D:5:      kennysheep_slugbush, layout_gridville, nicolae_dithmenos_the_darkroom,
          serial_shops, nicolae_shop_scrapyard, nicolae_shop_just_a_little_nook,
          nicolae_shop_tiny_statue_garden, shop, shop, gup_sewer_entry_glass,
          kennysheep_generic_room_6, uniq_prince_ribbit1
D:6:      layout_basic, zin_treasury, temple_statues
D:7:      layout_rooms, ebering_ghost_inner_flame, minmay_microvault,
          uniq_maggie
D:8:      layout_basic, regret_index_temple_of_mockery, fiery_altar_vehumet,
          dpeg_lair_monsters, ploomutoo_gammafunk_ghost_potion_laboratory,
          minmay_quadrilaterals, uniq_amaemon
D:9:      layout_gridville, nemelex_diamond_rough_becter
D:10:     layout_irregular_city, david_orc_3, uniq_gastronok
D:11:     layout_rooms, minmay_misc_feat_alley, skrybe_limestone_x
Temple:   hellmonk_temple_divided_pantheon

Skill      XL: |  1  2  3  4  5  6  7  8  9 10 11 12 |
---------------+-------------------------------------+-----
Staves         | 3 5 6 7 9 11 13 14 15 | 15.0
Fighting       | 4 5 6 7 8 9 |  9.8
Armour         | 4 5 6 7 8 9 |  9.7
Shields        | 5 6 7 8 9 11 | 11.5

Action                     |  1- 3 |  4- 6 |  7- 9 | 10-12 || total
---------------------------+-------+-------+-------+-------++-------
  Melee: Quarterstaff      |    95 |   153 |   333 |   269 ||   850
Ability: Dig               |       |       |     2 |       ||     2
         Lunge             |       |       |     6 |    16 ||    22
         Shaft Self        |       |       |     1 |     4 ||     5
         Whirlwind         |       |       |       |    22 ||    22
    Use: Potion            |       |     1 |     3 |     1 ||     5
         Scroll            |       |       |     4 |     5 ||     9
   Stab: Paralysed         |       |       |     1 |     1 ||     2
 Armour: Scale mail        |    48 |    46 |    14 |       ||   108
         Ring mail         |       |       |    66 |       ||    66
         Swamp dragon scal |       |       |     3 |    53 ||    56
  Dodge: Dodged            |    46 |    49 |   141 |    99 ||   335
  Block: Buckler           |    34 |    66 |   177 |   112 ||   389
         Reflection        |     1 |     7 |    22 |    11 ||    41
